 Dungeon Sprint DCSS version 0.27.1 (webtiles) character file.

Game seed: 18211629327078329725

4924 styxcanada the Imperceptible (level 10, -3/82 HPs)
             Began as a Spriggan Brigand on Sept 2, 2021.
             Was an Initiate of Gozag.
             Slain by a spriggan rider (12 damage)
             ... in the Dungeon (Sprint IV: "Fedhas' Mad Dash").
             The game lasted 00:07:01 (1063 turns).

styxcanada the Imperceptible (Spriggan Brigand)     Turns: 1063, Time: 00:07:01

Health: -3/82      AC:  3    Str:  7    XL:     10   Next: 27%
Magic:  11/11      EV: 27    Int: 12    God:    Gozag
Gold:   1950       SH:  0    Dex: 21    Spells: 9/9 levels left

rFire    . . .     SeeInvis +   a - +2 dagger
rCold    . . .     Faith    .   (shield restricted)
rNeg     . . .     Spirit   .   b - +0 robe
rPois    .         Reflect  .   (helmet restricted)
rElec    .         Harm     .   c - +0 cloak
rCorr    .         Rampage  .   (gloves unavailable)
Will     +....     NoTele   +   (boots unavailable)
Stlth    ..........             m - amulet of invisibility {+Inv}
HPRegen  0.23/turn              l - ring of wizardry
MPRegen  0.12/turn              (no ring)

@: berserking (expiring), gold aura, very slightly contaminated, very quick
A: very small, no large weapons, unfitting armour, see invisible, speed 3
a: Renounce Religion, Evoke Invisibility, Potion Petition, Call Merchant, Bribe
Branch


You were in the Dungeon.
You worshipped Gozag.
Gozag was most pleased with you.
You visited 1 branch You collected 2164 gold pieces.
You spent 214 gold pieces at shops.

Inventory:

Hand Weapons
 a - a +2 dagger (weapon)
 s - the +8 trident of the Octopus King {venom, rElec rPois Will+}
   (You found it in the Dungeon)

   It poisons the flesh of those it strikes.
   rElec:     It insulates you from electricity.
   rPois:     It protects you from poison.
   Will:      It increases your willpower.
Missiles
 d - 8 poisoned darts (quivered)
 e - 2 curare-tipped darts
 o - 20 stones
Armour
 b - a +0 robe (worn)
 c - a +0 cloak (worn)
 p - a +0 buckler
Jewellery
 l - a ring of wizardry (left hand)
 m - the amulet of invisibility (around neck) {+Inv}
   (You found it in the Dungeon)

   [amulet of nothing]

   +Inv:      It lets you turn invisible.
Scrolls
 k - a scroll of blinking
 n - 2 scrolls of magic mapping
 t - a scroll of vulnerability {unknown}
Potions
 f - a potion of curing
 g - a potion of heal wounds
 h - a potion of haste
 i - 2 potions of magic
 r - 3 potions of might
 u - a potion of brilliance
Miscellaneous
 q - a phantom mirror (inert)


   Skills:
 * Level 7.1 Fighting
 + Level 6.5 Short Blades
 + Level 5.6 Throwing
 * Level 11.4 Dodging
 * Level 25.2 Stealth
 + Level 9.3 Evocations


You had 9 spell levels left.
You didn't know any spells.
Your spell library contained the following spells:

 Spells                   Type           Power      Damage    Failure   Level
 Animate Skeleton         Necr           0%         N/A       13%         1
 Pain                     Necr           0%         1d4       13%         1
 Vampiric Draining        Necr           0%         2d6       36%         3


Dungeon Overview and Level Annotations

Branches:
Dungeon (1/1)

Altars:
Cheibriados
Dithmenos
Elyvilon
Gozag
Hepliaklqana
Kikubaaqudgha
Makhleb
Nemelex Xobeh
Okawaru
Qazlal
Ru
Sif Muna
Trog
Uskayaw
Vehumet
Wu Jian
Xom
Yredelemnul
Zin
The Shining One
Beogh
Jiyva
Lugonu

Shops:
D !=[?(


Innate Abilities, Weirdness & Mutations

You are very small and have problems with some larger weapons.
You are too small for most types of armour.
You have supernaturally acute eyesight. (SInv)
You cover ground extremely quickly. (Speed+++)


Message History

The spriggan rider is moderately wounded.
You flicker for a moment.
The spriggan rider hits you with a +0 spear!
You puncture the spriggan rider!
The spriggan rider is moderately wounded.
You closely miss the spriggan rider.
The spriggan rider is moderately wounded.
The spriggan rider misses you.
You miss the spriggan rider.
The spriggan rider is moderately wounded.
You hit the spriggan rider.
The spriggan rider is moderately wounded.
The spriggan rider hits you with a +0 spear!
The spriggan rider blocks your attack.
The spriggan rider is moderately wounded.
The spriggan rider blocks your attack.
The spriggan rider is moderately wounded.
You closely miss the spriggan rider.
The spriggan rider is moderately wounded.
The spriggan rider completely misses you.
Unknown command.
You puncture the spriggan rider!
The spriggan rider is heavily wounded.
You barely miss the spriggan rider.
The spriggan rider is heavily wounded.
The spriggan rider hits you with a +0 spear!!
* * * LOW HITPOINT WARNING * * *
You hit the spriggan rider.
The spriggan rider is heavily wounded.
You barely miss the spriggan rider.
The spriggan rider is heavily wounded.
The spriggan rider closely misses you.
You closely miss the spriggan rider.
The spriggan rider is heavily wounded.
You flicker back into view.
You hit the spriggan rider.
The spriggan rider is heavily wounded.
The spriggan rider hits you with a +0 spear!
You die...
Your body crumbles into a pile of gold.

####################***
_.⌠.#..'.))#....##∩#*,*
._..'..#...#....'..#*+*
_...#..###'##.)[##∩#$$*###
._..#.)##∩∩.'...####*,...#
_.⌠.#################...∩#
#########.....(###.....♣,*
###.'..'.....[.'@ii..♣,,∩*
##..#..#.P.....#######****
###.##+##.P....#
'...#*,*########
#####,,,,,****
***,,*,,*,,,,***
*,,,*,,,,,,*,,,****
,,,,,*,,,,,∩,∩,,,,*
*******************


You could see a spriggan rider and a spriggan.

Vanquished Creatures
  A spriggan druid (D)
  6 oklob plants (D)
  A demonic crawler (D)
  3 wandering mushrooms (D)
  A queen bee (D)
  3 burning bushes (D)
  3 scorpions (D)
  4 killer bees (D)
  5 oklob saplings (D)
  3 spriggans (D)
  A river rat (D)
  A rat (D)
  A ballistomycete spore (D)
33 creatures vanquished.

Vanquished Creatures (others)
  A fungus (D)
1 creature vanquished.

Grand Total: 34 creatures vanquished

Notes
Turn   | Place    | Note
-------+----------+-------------------------------------------
     0 | D        | styxcanada the Spriggan Brigand began the quest for the
                  | Orb.
     0 | D        | Reached XP level 1. HP: 10/10 MP: 2/2
     9 | D        | Reached skill level 6 in Stealth
    19 | D        | Reached skill level 8 in Stealth
    19 | D        | Reached XP level 2. HP: 11/15 MP: 3/3
   101 | D        | Noticed an oklob sapling
   103 | D        | Killed an oklob sapling
   104 | D        | Reached skill level 10 in Stealth
   104 | D        | Reached XP level 3. HP: 18/18 MP: 4/4
   105 | D        | Noticed a scorpion
   105 | D        | Found the amulet of invisibility {+Inv}
   107 | D        | Killed a scorpion
   108 | D        | Reached skill level 12 in Stealth
   108 | D        | Reached XP level 4. HP: 23/23 MP: 5/5
   131 | D        | Found an opulent altar of Gozag.
   131 | D        | Found a hazy altar of Hepliaklqana.
   131 | D        | Found a burning altar of Makhleb.
   131 | D        | Found a sparkling altar of Nemelex Xobeh.
   131 | D        | Found a snail-covered altar of Cheibriados.
   131 | D        | Found a sacrificial altar of Ru.
   131 | D        | Found a shimmering blue altar of Sif Muna.
   131 | D        | Found a shimmering altar of Xom.
   131 | D        | Found a basalt altar of Yredelemnul.
   132 | D        | Found a viscous altar of Jiyva.
   132 | D        | Found a bloodstained altar of Trog.
   132 | D        | Found an ornate altar of the Wu Jian Council.
   133 | D        | Found an iron altar of Okawaru.
   133 | D        | Found a shadowy altar of Dithmenos.
   133 | D        | Found a glowing silver altar of Zin.
   134 | D        | Found an ancient bone altar of Kikubaaqudgha.
   134 | D        | Found a hide-covered altar of Uskayaw.
   135 | D        | Found a stormy altar of Qazlal.
   135 | D        | Found a white marble altar of Elyvilon.
   135 | D        | Found a glowing golden altar of the Shining One.
   136 | D        | Became a worshipper of Gozag Ym Sagoz the Greedy
   137 | D        | Found a corrupted altar of Lugonu.
   137 | D        | Found a radiant altar of Vehumet.
   141 | D        | Reached skill level 13 in Stealth
   141 | D        | Reached XP level 5. HP: 28/28 MP: 3/6
   205 | D        | Reached skill level 5 in Dodging
   205 | D        | Reached skill level 14 in Stealth
   211 | D        | Reached skill level 1 in Evocations
   212 | D        | Reached skill level 15 in Stealth
   214 | D        | Reached XP level 6. HP: 33/33 MP: 5/7
   258 | D        | Found Buuppoawk's Jewellery Shop.
   258 | D        | Found Qenyar's Distillery.
   264 | D        | Bought 2 potions of might for 88 gold pieces
   264 | D        | Bought a potion of might for 44 gold pieces
   270 | D        | Noticed a burning bush
   270 | D        | Noticed a wandering mushroom
   271 | D        | Noticed a wandering mushroom
   274 | D        | Killed a burning bush
   275 | D        | Reached skill level 17 in Stealth
   275 | D        | Killed a wandering mushroom
   276 | D        | Reached skill level 18 in Stealth
   276 | D        | Reached XP level 7. HP: 38/38 MP: 5/8
   276 | D        | Killed a wandering mushroom
   277 | D        | Reached skill level 5 in Throwing
   277 | D        | Reached skill level 19 in Stealth
   279 | D        | Reached skill level 5 in Fighting
   291 | D        | Found Myabeyla's Magic Scroll Emporium.
   291 | D        | Found Omijes's Antique Armour Shoppe.
   291 | D        | Found the +8 trident of the Octopus King {venom, rElec
                  | rPois Will+}
   300 | D        | Bought a scroll of identify for 22 gold pieces
   300 | D        | Bought a scroll of identify for 22 gold pieces
   300 | D        | Bought a scroll of magic mapping for 38 gold pieces
   354 | D        | Reached XP level 8. HP: 43/43 MP: 6/9
   360 | D        | Noticed a queen bee
   367 | D        | Killed a queen bee
   368 | D        | Reached skill level 5 in Short Blades
   368 | D        | Reached skill level 20 in Stealth
   368 | D        | Reached skill level 5 in Evocations
   380 | D        | Noticed an oklob plant
   383 | D        | Killed an oklob plant
   384 | D        | Reached skill level 21 in Stealth
   548 | D        | Noticed a burning bush
   552 | D        | Killed a burning bush
   553 | D        | Reached XP level 9. HP: 48/48 MP: 7/10
   605 | D        | Noticed a burning bush
   605 | D        | Noticed an oklob plant
   606 | D        | Noticed a wandering mushroom
   607 | D        | Killed a burning bush
   608 | D        | Reached skill level 22 in Stealth
   618 | D        | Killed an oklob plant
   619 | D        | Reached skill level 10 in Dodging
   627 | D        | Killed a wandering mushroom
   628 | D        | Reached skill level 23 in Stealth
   773 | D        | Noticed a spriggan druid
   775 | D        | Killed a spriggan druid
   851 | D        | Noticed an oklob plant conjurer
   852 | D        | Killed an oklob plant conjurer
   853 | D        | Reached skill level 24 in Stealth
   948 | D        | Noticed an oklob plant
   948 | D        | Noticed an oklob plant summoner
   949 | D        | Noticed an oklob plant shifter
   953 | D        | Killed an oklob plant
   954 | D        | Reached XP level 10. HP: 53/53 MP: 8/11
   955 | D        | Killed an oklob plant summoner
   958 | D        | Killed an oklob plant shifter
   978 | D        | Reached skill level 25 in Stealth
  1031 | D        | Noticed a spriggan rider
  1032 | D        | Found Uluem's Weapon Emporium.
  1063 | D        | Slain by a spriggan rider

Illustrated notes

Levels and vault maps discovered:
D:        dungeon_sprint_fedhas [sprint_temple]

Skill      XL: |  1  2  3  4  5  6  7  8  9 10 |
---------------+-------------------------------+-----
Stealth        | 8 10 12 13 15 18 19 21 24 25 | 25.2
Dodging        | 2 3 4 5 7 8 9 11 | 11.4
Fighting       | 2 3 4 5 6 7 |  7.1
Throwing       | 3 4 5 |  5.6
Short Blades   | 3 4 5 6 |  6.5
Evocations     | 1 4 6 8 9 |  9.3

Action                   |  1- 3 |  4- 6 |  7- 9 | 10-12 || total
-------------------------+-------+-------+-------+-------++-------
Melee: Dagger            |     3 |     7 |    33 |    27 ||    70
Throw: Dart              |     8 |       |       |       ||     8
 Abil: Evoke Invisibilit |       |     3 |     6 |     1 ||    10
Evoke: Phantom mirror    |       |       |       |     1 ||     1
  Use: Scroll            |       |       |     3 |       ||     3
       Potion            |       |       |       |     1 ||     1
 Stab: Sleeping          |     2 |     7 |    13 |     3 ||    25
       Invisible         |       |       |     6 |       ||     6
Dodge: Dodged            |     2 |       |     8 |     9 ||    19
